 Dungeon Crawl Stone Soup version 0.24.0-13-gcf9b319 (webtiles) character file.

Game seed: 12346862336563915223, levelgen mode: deterministic

18713 qdestroyer the Bludgeoner (level 12, -6/112 HPs)
             Began as a Minotaur Berserker on Nov 11, 2019.
             Was a High Priest of Trog.
             Mangled by a minotaur
             ... wielding the cursed +2 rapier "Yxyafroi" {drain, rElec rPois}
              (13 damage)
             ... in a Gauntlet.
             The game lasted 00:41:29 (10996 turns).

qdestroyer the Bludgeoner (Minotaur Berserker)     Turns: 10996, Time: 00:41:29

Health: -6/112     AC: 19    Str: 29      XL:     12   Next: 30%
Magic:  8/8        EV: 12    Int:  1 (5)  God:    Trog [*****.]
Gold:   783        SH:  0    Dex: 23      Spells: 11/11 levels left

rFire    + . .     SeeInvis .   F - +5 great mace (freeze)
rCold    . . .     Gourm    .   (shield currently unavailable)
rNeg     . . .     Faith    .   B - +3 chain mail {rF+}
rPois    .         Spirit   .   (helmet restricted)
rElec    .         Reflect  .   w - scarf {repulsion}
rCorr    .         Harm     .   t - +0 pair of fencer's gloves {Riposte Dex+3}
MR       .....     Rnd*Rage +   s - +2 pair of boots Stlth ..........NoTele +
                                (no amulet)
HPRegen  0.28/turn              H - +5 ring of dexterity
MPRegen  0.11/turn              N - +3 ring of strength

@: brilliant, slowed, lost intelligence, heavily drained, repel missiles, very
slow
A: retaliatory headbutt, horns 2, talons 1, thin skeletal structure 1, agile 1,
[berserk 2], [dopey 2], [low mp 2], [screaming 2]
a: Berserk, Trog's Hand, Brothers in Arms, Renounce Religion


You were in a Gauntlet.
You worshipped Trog.
Trog was extremely pleased with you.
You were not hungry.

You visited 1 branch of the dungeon, and saw 13 of its levels.
You also visited: Gauntlet.

You collected 783 gold pieces.

Inventory:

Hand Weapons
 F - a +5 great mace of freezing (weapon)
Armour
 s - a +2 pair of boots (worn)
 t - the +0 pair of fencer's gloves (worn) {Riposte Dex+3}
   (You found it in a Gauntlet)

   It affects your dexterity (+3).
 u - a scarf of resistance
 w - a scarf of repulsion (worn)
 B - a +3 chain mail of fire resistance (worn)
Jewellery
 b - an uncursed ring of protection from cold
 d - an uncursed ring of see invisible
 y - an uncursed ring of poison resistance
 A - an uncursed ring of protection from fire
 H - a +5 ring of dexterity (left hand)
 N - a +3 ring of strength (right hand)
Wands
 M - a wand of digging (3)
Scrolls
 i - 4 scrolls of teleportation
 l - 4 scrolls of remove curse
 m - 2 scrolls of immolation
 p - a scroll of fog
 q - 3 scrolls of blinking
 r - a scroll of identify
 C - 2 scrolls of enchant armour
 G - 2 scrolls of magic mapping
Potions
 a - a potion of ambrosia
 e - 5 potions of curing
 f - 4 potions of might
 g - 3 potions of agility
 j - a potion of heal wounds
 k - 4 potions of invisibility
 o - 5 potions of haste
 z - 3 potions of cancellation {unknown}
 D - a potion of resistance {unknown}
 E - 2 potions of flight {unknown}
 I - 2 potions of lignification {unknown}
 L - a potion of degeneration {unknown}
Comestibles
 c - 20 rations


   Skills:
 + Level 11.8(9.5) Fighting
 + Level 16.2(13.6) Maces & Flails
 + Level 11.6(9.3) Armour
 + Level 5.9(3.9) Dodging
 + Level 2.4(0.6) Stealth


You had 11 spell levels left.
You didn't know any spells.
Your spell library was empty.

Dungeon Overview and Level Annotations

Branches:
Dungeon (13/15)            Temple (0/1) D:7            Lair (0/6) D:9
    Orc (0/2) D:10        Gauntlet (1/1)
 Vaults: D:13-14

Altars:
Ashenzari
Cheibriados
Dithmenos
Fedhas
Nemelex Xobeh
Qazlal
Trog
Yredelemnul
Zin
The Shining One

Shops:
D:4 :

Annotations:
Gauntlet 8 transporters


Innate Abilities, Weirdness & Mutations

You reflexively headbutt those who attack you in melee.
You have a pair of horns on your head.
You have sharp toenails.
You have a somewhat thin skeletal structure. (Dex +2, Stealth)
You are agile. (Dex +2)
[You often lose your temper in combat.]
[You are very dopey. (Int -4)]
[Your magical capacity is very low. (-20% MP)]
[You sometimes yell uncontrollably at your foes.]


Message History

The minotaur hits you with the cursed +2 rapier "Yxyafroi" {drain, rElec rPois}!
You feel drained.
* * * LOW HITPOINT WARNING * * *
The minotaur gores you but does no damage.
Unknown command.
You hit the minotaur but do no damage.
You headbutt the minotaur, but do no damage.
The minotaur is severely wounded.
The minotaur hits you with the cursed +2 rapier "Yxyafroi" {drain, rElec rPois}.
* * * LOW HITPOINT WARNING * * *
You feel drained. The minotaur gores you.
* * * LOW HITPOINT WARNING * * *
You hit the minotaur. You freeze the minotaur.
The minotaur is severely wounded.
The minotaur hits you with the cursed +2 rapier "Yxyafroi" {drain, rElec rPois}!
* * * LOW HITPOINT WARNING * * *
You feel drained.
* * * LOW HITPOINT WARNING * * *
The minotaur gores you!
You die...

#...§# ########
....######.##... ##
.8.####....##.# ..
...≈##..##....##.#
...##...##.##...
...#.......##.#
...#.8©.##....#
...#....##.##(######
.8.#.8©....##('.@H∩#
...#....##....######
...#.8©.##.##..
...#.......##.#
...##...##....#
...≈##..##.##..
.8.## #.. #.# ....##
# .. #...§#


You could see a minotaur.

Vanquished Creatures
  A centaur warrior (D:11)
  A tengu warrior (D:12)
  3 two-headed ogres
  Nergalle (D:12)
  The ghost of flyingllamaman the Fighter, a novice FoFi of Gozag (D:8)
  A wretched star (Gauntlet)
  An unseen horror (D:12)
  An orange crystal statue (Gauntlet)
  A deep elf mage (D:13)
  An ugly thing (D:12)
  A cyclops (D:8)
  4 trolls
  4 hippogriffs
  A wraith (D:12)
  A spriggan (D:7)
  2 wyverns
  7 yaks
  Eustachio (D:6)
  4 vampire mosquitoes (D:13)
  A neqoxec (Gauntlet)
  Menkaure (D:6)
  Edmund (D:5)
  A soldier ant (D:10)
  2 acid dragons
  A water moccasin (D:8)
  Duvessa (D:6)
  An orc warrior (D:7)
  2 black bears
  6 ice beasts
  A sky beast (D:12)
  2 necrophages (D:11)
  3 phantoms
  10 ogres
  3 centaurs
  2 small abominations (Gauntlet)
  2 big kobolds
  8 bullfrogs
  Dowan (D:6)
  2 scorpions
  11 killer bees
  8 wights
  14 howler monkeys
  14 crimson imps
  A centaur zombie (D:7)
  7 hounds
  5 quasits
  3 jellies
  Crazy Yiuf (D:5)
  A bullfrog zombie (D:9)
  5 orc priests
  9 orc wizards
  A bullfrog skeleton (D:10)
  5 centaur skeletons
  An iron imp (D:6)
  4 iguanas
  9 worker ants
  A hound zombie (D:11)
  A gnoll (D:1)
  A howler monkey skeleton (D:5)
  22 adders
  3 shadow imps
  An adder skeleton (D:9)
  2 worms
  5 dart slugs
  4 leopard geckos
  36 orcs
  5 ball pythons
  6 giant cockroaches
  5 goblins
  6 hobgoblins
  7 jackals
  17 kobolds
  3 quokkas
  7 bats
  6 frilled lizards
  A giant cockroach zombie (D:5)
  A leopard gecko zombie (D:5)
  2 quokka skeletons (D:5)
  8 rats
  A bush (D:5)
338 creatures vanquished.

Vanquished Creatures (others)
  A demonic plant (Gauntlet)
1 creature vanquished.

Grand Total: 339 creatures vanquished

Notes
Turn   | Place    | Note
-------+----------+-------------------------------------------
     0 | D:1      | qdestroyer the Minotaur Berserker began the quest for the
                  | Orb.
     0 | D:1      | Reached XP level 1. HP: 19/19 MP: 0/0
    93 | D:1      | Reached XP level 2. HP: 27/27 MP: 1/1
   102 | D:1      | Reached skill level 4 in Maces & Flails
   353 | D:1      | Reached ** piety under Trog
   409 | D:1      | Reached XP level 3. HP: 21/34 MP: 2/2
   841 | D:2      | Found a glowing silver altar of Zin.
   975 | D:2      | Reached XP level 4. HP: 9/41 MP: 3/3
  1268 | D:2      | Reached skill level 5 in Fighting
  1376 | D:2      | Found a blossoming altar of Fedhas.
  1852 | D:2      | Reached XP level 5. HP: 46/48 MP: 4/4
  1983 | D:3      | Reached skill level 5 in Maces & Flails
  1987 | D:3      | Reached *** piety under Trog
  2234 | D:3      | Noticed an ice beast
  2237 | D:3      | Killed an ice beast
  2237 | D:3      | Reached XP level 6. HP: 57/57 MP: 5/5
  2438 | D:4      | Reached skill level 1 in Stealth
  2479 | D:4      | Reached skill level 6 in Maces & Flails
  2532 | D:4      | Found Zauwkoz's Book Emporium.
  2556 | D:4      | Reached XP level 7. HP: 64/64 MP: 6/6
  2697 | D:4      | Reached **** piety under Trog
  2719 | D:4      | Reached skill level 7 in Maces & Flails
  2720 | D:4      | Noticed a hippogriff
  2726 | D:4      | Killed a hippogriff
  2754 | D:4      | Reached skill level 5 in Armour
  2754 | D:4      | Reached XP level 8. HP: 59/73 MP: 7/7
  2863 | D:4      | You fall into a shaft and drop 3 floors!
  2930 | D:7      | Found a staircase to the Ecumenical Temple.
  2981 | D:7      | Reached skill level 8 in Maces & Flails
  3068 | D:6      | Noticed Edmund
  3074 | D:5      | Entered Level 5 of the Dungeon
  3079 | D:5      | Killed Edmund
  3433 | D:5      | Found a large runed translucent door.
  3433 | D:5      | Found a large runed translucent door.
  3445 | D:5      | Reached skill level 9 in Maces & Flails
  3467 | D:5      | Found a large runed translucent door.
  3467 | D:5      | Found a large runed translucent door.
  3683 | D:5      | Reached XP level 9. HP: 81/81 MP: 8/8
  4030 | D:5      | Found a runed translucent door.
  4031 | D:5      | Noticed Crazy Yiuf
  4039 | D:5      | Killed Crazy Yiuf
  4039 | D:5      | Reached skill level 10 in Maces & Flails
  4105 | D:6      | Noticed Menkaure
  4109 | D:6      | Killed Menkaure
  4125 | D:6      | Found a snail-covered altar of Cheibriados.
  4242 | D:6      | Noticed Duvessa
  4243 | D:6      | Noticed Dowan
  4243 | D:6      | Noticed Eustachio
  4250 | D:6      | Killed Duvessa
  4256 | D:6      | Killed Eustachio
  4260 | D:6      | Killed Dowan
  4418 | D:6      | Found a shattered altar of Ashenzari.
  4704 | D:7      | Reached skill level 11 in Maces & Flails
  4751 | D:7      | Reached ***** piety under Trog
  4823 | D:7      | Noticed a two-headed ogre
  4834 | D:7      | Killed a two-headed ogre
  4834 | D:7      | Reached XP level 10. HP: 57/91 MP: 9/9
  5032 | D:7      | Got a bloodstained scale mail
  5048 | D:7      | Identified the Compendium of Supportive Heat
  5220 | D:7      | Received a gift from Trog
  5220 | D:7      | Reached skill level 12 in Maces & Flails
  5837 | D:8      | Noticed a two-headed ogre
  5839 | D:8      | Killed a two-headed ogre
  5939 | D:8      | Noticed flyingllamaman's ghost (novice FoFi)
  5947 | D:8      | Noticed a cyclops
  5952 | D:8      | Killed a cyclops
  5952 | D:8      | Reached skill level 10 in Fighting
  5965 | D:8      | Found a transporter.
  6003 | D:8      | Reached skill level 5 in Dodging
  6059 | D:8      | Identified the +3 scale mail "Tautomon" {Int+3} (You found
                  | it on level 7 of the Dungeon)
  6103 | D:8      | Found a glowing golden altar of the Shining One.
  6189 | D:8      | Reached skill level 13 in Maces & Flails
  6336 | D:8      | Found a transporter.
  6355 | D:8      | Reached skill level 10 in Armour
  6538 | D:8      | Killed flyingllamaman's ghost
  6878 | D:9      | Found a staircase to the Lair.
  7057 | D:9      | Reached XP level 11. HP: 96/101 MP: 3/10
  7174 | D:9      | Found a shadowy altar of Dithmenos.
  7444 | D:9      | Found a stormy altar of Qazlal.
  7709 | D:9      | Found a basalt altar of Yredelemnul.
  7712 | D:9      | Found a sparkling altar of Nemelex Xobeh.
  7715 | D:9      | Found a bloodstained altar of Trog.
  7853 | D:10     | Entered Level 10 of the Dungeon
  8323 | D:10     | Found a staircase to the Orcish Mines.
  8889 | D:11     | Noticed a two-headed ogre
  8893 | D:11     | Reached skill level 14 in Maces & Flails
  8903 | D:11     | Killed a two-headed ogre
  9240 | D:11     | Noticed a centaur warrior
  9249 | D:11     | Killed a centaur warrior
  9772 | D:12     | Noticed a green ugly thing
  9772 | D:12     | Noticed Nergalle
  9780 | D:12     | Killed a green ugly thing
  9780 | D:12     | Reached skill level 15 in Maces & Flails
  9786 | D:12     | Killed Nergalle
  9787 | D:12     | Noticed a tengu warrior
  9795 | D:12     | Killed a tengu warrior
  9795 | D:12     | Received a gift from Trog
  9867 | D:12     | Noticed an unseen horror
  9870 | D:12     | Killed an unseen horror
  9907 | D:12     | Reached XP level 12. HP: 104/109 MP: 11/11
 10323 | D:13     | Found a gate leading to a gauntlet.
 10338 | D:13     | Reached skill level 16 in Maces & Flails
 10348 | Gauntlet | Entered a Gauntlet
 10348 | Gauntlet | Found a transporter.
 10445 | Gauntlet | Found a transporter.
 10458 | Gauntlet | Found a transporter.
 10458 | Gauntlet | Noticed a green death
 10462 | Gauntlet | Found a transporter.
 10470 | Gauntlet | Noticed a death scarab
 10474 | Gauntlet | Found a transporter.
 10483 | Gauntlet | Noticed a death scarab
 10489 | Gauntlet | Noticed an entropy weaver
 10492 | Gauntlet | Found a transporter.
 10507 | Gauntlet | Found a transporter.
 10511 | Gauntlet | Found a transporter.
 10512 | Gauntlet | Noticed a ghost crab
 10517 | Gauntlet | Found a transporter.
 10517 | Gauntlet | Found a transporter.
 10520 | Gauntlet | Found the +0 pair of fencer's gloves {Riposte Dex+3}
 10528 | Gauntlet | Found a transporter.
 10616 | Gauntlet | Found a transporter.
 10945 | Gauntlet | Gained mutation: You are clumsy. (Dex -2) [a neqoxec]
 10947 | Gauntlet | Lost intelligence.
 10950 | Gauntlet | Gained mutation: You are occasionally teleported next to
                  | monsters. [a neqoxec]
 10974 | Gauntlet | Lost mutation: You are clumsy. (Dex -2) [potion of
                  | mutation]
 10974 | Gauntlet | Gained mutation: You have sharp toenails. [potion of
                  | mutation]
 10974 | Gauntlet | Gained mutation: You have razor-sharp toenails. [potion of
                  | mutation]
 10977 | Gauntlet | Lost mutation: You are occasionally teleported next to
                  | monsters. [potion of mutation]
 10977 | Gauntlet | Lost mutation: You have razor-sharp toenails. [potion of
                  | mutation]
 10977 | Gauntlet | Gained mutation: You have a somewhat thin skeletal
                  | structure. (Dex +2, Stealth) [potion of mutation]
 10978 | Gauntlet | Lost mutation: You have sharp toenails. [potion of
                  | mutation]
 10978 | Gauntlet | Gained mutation: You are agile. (Dex +2) [potion of
                  | mutation]
 10978 | Gauntlet | Gained mutation: You have sharp toenails. [potion of
                  | mutation]
 10987 | Gauntlet | Identified the cursed +2 rapier "Yxyafroi" {drain, rElec
                  | rPois}
 10987 | Gauntlet | Noticed a minotaur
 10996 | Gauntlet | Mangled by a minotaur

Levels and vault maps discovered:
D:1:      lordsloth_arrival_two_stooges, layout_loops_ring,
          minmay_worlds_worst_comb
D:2:      layout_loops_corners, overflow_temple_1_default, lemuel_crystal_altar,
          minmay_tetromino_s4
D:3:      layout_basic, first_ration, st_stairs_5
D:4:      layout_basic, serial_shops, shop, nzn_random_ring
D:5:      layout_basic, minmay_hollow_rounded_squares, uniq_crazy_yiuf_cottage
D:6:      layout_loops_ring, ashenzari_conservatory_becter, slow_altar_1,
          uniq_menkaure, uniq_edmund, uniq_eustachio, uniq_duvessa
D:7:      minmay_the_grid_octo_2x2 [minmay_the_grid_octo_vomiting_pacman,
          minmay_the_grid_octo_horde, minmay_the_grid_octo_checkerflower,
          minmay_the_grid_octo_prize_square_snowflake], layout_cave_pods,
          temple_statues, roderic_lattice_a, the_bakery
D:8:      layout_basic, old_standard_altar, gammafunk_ghost_stat_death
D:9:      layout_grid_maze, nicolae_dithmenos_the_darkroom, grunt_qazlal_clouds,
          grunt_temple_overflow_diamond, lair_entry_dummy
D:10:     layout_long_grid, orc_0_dummy, lemuel_flame_loot_1
D:11:     layout_loops_ring
D:12:     minmay_inside_and_out, layout_loops_cross, jmf_multi_god_temple,
          uniq_nergalle, uniq_frances
D:13:     layout_layer_cave, erik_vaults_1, gauntlet_entry_generic, minmay_holes
Gauntlet: minmay_gauntlet_mixed_oops_all_seconds
          [minmay_gauntlet_arena_77_two_paths,
          gammafunk_gauntlet_arena_chambers, minmay_gauntlet_arena_77_box,
          nicolae_gauntlet_swirl, minmay_gauntlet_arena_77_museum,
          nicolae_gauntlet_arena_flowing_pool, gauntlet_exit_green]

Skill      XL: |  1  2  3  4  5  6  7  8  9 10 11 12 |
---------------+-------------------------------------+-----
Maces & Flails | 4 5 6 7 9 11 13 15 16 | 16.2
Fighting       | 4 5 6 7 9 10 11 | 11.8
Dodging        | 3 4 5 |  5.9
Armour         | 3 5 7 9 10 11 | 11.6
Stealth        | 1 2 |  2.4

Action                   |  1- 3 |  4- 6 |  7- 9 | 10-12 || total
-------------------------+-------+-------+-------+-------++-------
Melee: Mace              |    87 |     5 |       |       ||    92
       Headbutt          |    17 |    18 |   100 |    76 ||   211
       Whip              |       |    96 |   355 |    33 ||   484
       Great mace        |       |       |       |   355 ||   355
Invok: Berserk           |       |       |     3 |     3 ||     6
       Trog's Hand       |       |       |     2 |     3 ||     5
  Use: Scroll            |       |    12 |     2 |    11 ||    25
       Potion            |       |       |       |     5 ||     5
 Stab: Sleeping          |     2 |       |       |       ||     2
  Eat: Chunk             |       |     5 |     7 |     3 ||    15
       Ration            |       |       |     1 |     6 ||     7
Armor: Animal skin       |    21 |     1 |       |       ||    22
       Chain mail        |       |    38 |   104 |   255 ||   397
Dodge: Dodged            |    53 |    42 |   101 |   261 ||   457
       Deflected         |       |       |       |    12 ||    12
       Rpst.: Great mace |       |       |       |     3 ||     3
